 Dungeon Crawl Stone Soup version 0.17-a0-1500-gecf5ee4 (webtiles) character file.

4099 bamsha the Grappler (level 10, -14/100 HPs)
             Began as a Troll Hunter on July 7, 2015.
             Was a Follower of Elyvilon.
             Demolished by a troll (16 damage)
             ... on level 9 of the Dungeon.
             The game lasted 00:37:03 (7311 turns).

bamsha the Grappler (Troll Hunter)                  Turns: 7311, Time: 00:37:03

Health: -14/100    AC: 11    Str: 22      XL:     10   Next: 6%
Magic:  9/11       EV: 11    Int:  6 (7)  God:    Elyvilon [*.....]
Gold:   103        SH:  0    Dex: 11      Spells: 0 memorised, 9 levels left

rFire  . . .     SeeInvis .       - Unarmed
rCold  . . .     Clarity  .     (armour restricted)
rNeg   . . .     SustAt   .     (no shield)
rPois  .         Gourm    +     g - +2 hat
rElec  .         Spirit   .     d - +1 cloak
rCorr  .         Warding  .     (gloves unavailable)
rMut   .         Stasis   .     (boots unavailable)
MR     .....                    A - amulet of rage
Stlth  +.........               h - +4 ring of protection
                                j - ring of wizardry

@: not resistant to hostile enchantments, very unstealthy
A: unfitting armour, claws 3, talons 1, clumsy 1, deterioration 1, fast
metabolism 3, gourmand, regeneration 2, shaggy fur 1, tough skin 2
a: Lesser Healing, Divine Protection, Renounce Religion, Evoke Berserk Rage


You were on level 9 of the Dungeon.
You worshipped Elyvilon.
Elyvilon was aware of your devotion.
You were full.

You visited 2 branches of the dungeon, and saw 10 of its levels.

You collected 416 gold pieces.
You spent 297 gold pieces at shops.
You donated 16 gold pieces to Zin.

Inventory:

Hand weapons
 c - a +4 war axe of chopping
 r - a +0 giant spiked club
 D - the +12 quarterstaff of Deddomyv {vamp, rN+}
   (You found it on level 5 of the Dungeon)

   It inflicts no extra harm, but heals its wielder somewhat when it strikes a
   living foe.
   It protects you from negative energy.
   Elyvilon disapproves of the use of such an item.
Missiles
 b - 2 throwing nets
 v - 5 large rocks (quivered)
Armour
 d - a +1 cloak (worn)
 g - a +2 hat (worn)
 K - a +2 robe of fire resistance
 L - a +1 troll leather armour
Jewellery
 h - a +4 ring of protection (right claw)
 j - a ring of wizardry (left claw)
 A - an amulet of rage (around neck)
 B - an uncursed ring of protection from fire
Magical devices
 t - a wand of frost (28)
 C - a wand of lightning (6)
 E - a wand of heal wounds (9)
Scrolls
 a - 3 scrolls of magic mapping
 f - 3 scrolls of identify
 x - a scroll of remove curse
 y - 2 scrolls of teleportation
 z - 2 scrolls of fog
 F - a scroll of recharging
 I - a scroll of immolation {unknown}
Potions
 l - 4 potions of flight
 n - 2 potions of lignification
 p - a potion of might
 s - 2 potions of cancellation
 u - a potion of cure mutation {unknown}
 w - 4 potions of curing
 G - a potion of invisibility
 H - a potion of experience {unknown}
 J - a potion of heal wounds {unknown}
Comestibles
 e - 11 bread rations
 i - a beef jerky
 m - 3 fruits
 q - 2 meat rations


   Skills:
 - Level 6.6 Fighting
 - Level 2.6 Staves
 - Level 3.6 Throwing
 - Level 4.9 Dodging
 - Level 0.4 Stealth
 - Level 8.6 Unarmed Combat
 + Level 3.5 Invocations
 + Level 2.8 Evocations


You had 9 spell levels left.
You didn't know any spells.

Dungeon Overview and Level Annotations

Branches:
Dungeon (9/15)             Temple (1/1) D:4
   Lair: D:8-11         Orc: D:9-12

Altars:
Ashenzari
Cheibriados
Dithmenos
Elyvilon
Fedhas
Gozag
Kikubaaqudgha
Makhleb
Nemelex Xobeh
Okawaru
Qazlal
Ru
Sif Muna
Trog
Vehumet
Xom
Yredelemnul
Zin
The Shining One

Shops:
D:4 ?   D:8 [


Innate Abilities, Weirdness & Mutations

You are too large for most types of armour.
You have claws for hands.
Your metabolism is lightning-fast.
You like to eat raw meat.
You heal very quickly.
You are covered in fur (AC +1).
You have very tough skin (AC +2).
You have sharp toenails.
You are clumsy. (Dex -2)
Your body sometimes deteriorates upon taking damage.


Message History

You are healed.
You feel somewhat less full. The jackal closely misses you.
The jackal barely misses you. The jackal closely misses you.
The troll bites you!
* * * LOW HITPOINT WARNING * * *
The troll claws you but does no damage. The troll claws you!
* * * LOW HITPOINT WARNING * * *
The jackal barely misses you.
You scratch the troll.
The troll is almost dead.
The jackal closely misses you. The jackal barely misses you.
The jackal misses you. The troll closely misses you.
The troll barely misses you. The troll claws you.
* * * LOW HITPOINT WARNING * * *
The jackal bites you but does no damage.
The jackal bites you.
* * * LOW HITPOINT WARNING * * *
You barely miss the troll. Your kick misses the troll.
The troll is almost dead.
The jackal closely misses you. The troll bites you!
You die...

...####....##
...# ##....# #
.... ##...# .###
.....#####..##
#...
.............##
#.... .
###.......####..#
####.........#
#.......T.#
#######@h.#
#hh..# ###..#
#..# .... #...
##.


You could see a troll (bleeding) and 3 jackals.

Vanquished Creatures
  Pikel (D:8)
  Psyche (D:8)
  A kobold demonologist (D:7)
  The ghost of blinkfrog the Slasher, an average HESk (D:8)
  A spriggan (D:7)
  A water moccasin (D:8)
  Edmund (D:4)
  3 sky beasts
  Duvessa (D:5)
  An eye of draining (D:8)
  A phantom (D:4)
  An ogre (D:4)
  2 ice beasts
  A black bear (D:6)
  A centaur (D:8)
  A big kobold (D:7)
  A crocodile (D:8)
  Blork the orc (D:6)
  Dowan (D:5)
  3 scorpions
  A giant frog zombie (D:7)
  2 crimson imps
  8 orc wizards
  4 hounds
  2 giant frog skeletons
  5 orc priests
  3 worker ants
  2 iguanas
  A killer bee zombie (D:8)
  A sheep (D:4)
  A hound skeleton (D:4)
  A worker ant zombie (D:6)
  9 adders
  4 gnolls
  A shadow imp (D:5)
  4 giant geckos
  21 orcs
  16 bats
  5 giant cockroaches
  17 hobgoblins
  13 jackals
  4 quokkas
  2 ball pythons
  2 giant gecko skeletons
  9 giant newts
  11 goblins
  A jackal zombie (D:8)
  11 kobolds
  2 quokka skeletons (D:4)
  A quokka zombie (D:5)
  17 rats
206 creatures vanquished.

Vanquished Creatures (others)
  2 slaves (D:8)
  4 sheep (D:4)
6 creatures vanquished.

Grand Total: 212 creatures vanquished

Notes
Turn   | Place    | Note
--------------------------------------------------------------
     0 | D:1      | bamsha the Troll Hunter began the quest for the Orb.
     0 | D:1      | Reached XP level 1. HP: 19/19 MP: 0/0
    86 | D:1      | Reached skill level 1 in Unarmed Combat
   202 | D:1      | Reached XP level 2. HP: 28/28 MP: 1/1
   772 | D:2      | Reached XP level 3. HP: 17/35 MP: 2/2
   893 | D:2      | Found a shattered altar of Ashenzari.
  1358 | D:3      | Reached XP level 4. HP: 37/44 MP: 3/3
  1839 | D:4      | Noticed a phantom
  1845 | D:4      | Killed a phantom
  1845 | D:4      | Reached skill level 4 in Unarmed Combat
  1845 | D:4      | Reached XP level 5. HP: 51/53 MP: 4/4
  1974 | D:4      | Noticed an ogre
  1979 | D:4      | Killed an ogre
  1979 | D:4      | Reached XP level 6. HP: 61/61 MP: 5/5
  2043 | D:4      | Reached skill level 5 in Unarmed Combat
  2318 | D:4      | Reached XP level 7. HP: 55/68 MP: 6/6
  2327 | D:4      | Reached skill level 6 in Unarmed Combat
  2386 | D:4      | Found a staircase to the Ecumenical Temple.
  2397 | Temple   | Entered the Ecumenical Temple
  2546 | D:4      | Found Zost's Magic Scroll Shop.
  2572 | D:4      | Bought a scroll of magic mapping for 35 gold pieces
  2572 | D:4      | Bought a scroll of remove curse for 30 gold pieces
  2572 | D:4      | Bought a scroll of identify for 20 gold pieces
  2572 | D:4      | Bought a scroll of teleportation for 30 gold pieces
  2572 | D:4      | Bought a scroll of fog for 20 gold pieces
  3017 | D:4      | Found a shimmering altar of Xom.
  3165 | D:5      | Entered Level 5 of the Dungeon
  3167 | D:5      | Noticed Edmund
  3196 | D:4      | Killed Edmund
  3196 | D:4      | Reached skill level 7 in Unarmed Combat
  3305 | D:5      | Reached XP level 8. HP: 75/79 MP: 7/7
  3375 | D:5      | Got a steaming quarterstaff
  3376 | D:5      | Identified the +12 quarterstaff of Deddomyv {vamp, rN+} (You found it on level 5 of the Dungeon)
  3389 | D:5      | Noticed Dowan
  3390 | D:5      | Noticed Duvessa
  3394 | D:5      | Killed Duvessa
  3400 | D:5      | Killed Dowan
  4034 | D:5      | Reached skill level 5 in Fighting
  4424 | D:6      | Found a stormy altar of Qazlal.
  4478 | D:6      | Reached skill level 1 in Staves
  4539 | D:6      | Noticed Blork the orc
  4547 | D:6      | Killed Blork the orc
  4663 | D:6      | Gained mutation: You are clumsy. (Dex -2) [potion of mutation]
  4663 | D:6      | Gained mutation: Your body sometimes deteriorates upon taking damage. [potion of mutation]
  4663 | D:6      | Gained mutation: You have sharp toenails. [potion of mutation]
  5390 | D:6      | Found an iron altar of Okawaru.
  5392 | D:6      | Found a blossoming altar of Fedhas.
  5394 | D:6      | Found a deep blue altar of Sif Muna.
  5402 | D:6      | Found a radiant altar of Vehumet.
  5402 | D:6      | Found a sparkling altar of Nemelex Xobeh.
  5410 | D:6      | Found a glowing silver altar of Zin.
  5411 | D:6      | Found a basalt altar of Yredelemnul.
  5412 | D:6      | Found a bloodstained altar of Trog.
  5424 | D:6      | Became a worshipper of Zin the Law-Giver
  5424 | D:6      | Acquired Zin's first power
  5706 | D:7      | Noticed a kobold demonologist
  5720 | D:7      | Killed a kobold demonologist
  5720 | D:7      | Reached XP level 9. HP: 83/89 MP: 8/8
  5930 | D:7      | Found a white marble altar of Elyvilon.
  5930 | D:7      | Found a snail-covered altar of Cheibriados.
  5937 | D:7      | Fell from the grace of Zin
  5937 | D:7      | Became a worshipper of Elyvilon the Healer
  6222 | D:7      | Reached skill level 8 in Unarmed Combat
  6324 | D:8      | Noticed blinkfrog's ghost (average HESk)
  6462 | D:8      | Noticed Psyche
  6474 | D:8      | Killed Psyche
  6607 | D:8      | Acquired Elyvilon's first power
  6631 | D:8      | Reached skill level 1 in Invocations
  6637 | D:8      | Noticed Pikel
  6654 | D:8      | Killed Pikel
  6715 | D:8      | Killed blinkfrog's ghost
  6716 | D:8      | Reached XP level 10. HP: 100/100 MP: 4/11
  6976 | D:8      | Found Capywug's Antique Armour Shop.
  6979 | D:8      | Bought a runed cloak for 162 gold pieces
  7188 | D:8      | Identified a scroll of acquirement
  7310 | D:9      | HP: 3/100 [troll (6)]
  7311 | D:9      | Demolished by a troll

Vault maps used:
D:1:      dpeg_arrival_snail, hangedman_decor_clover_reticule
D:2:      overflow_temple_1_default
D:3:      first_bread, minmay_misc_feat_plants
D:4:      kb_xom_exploding_sheep, minmay_temple_entry_grid, serial_shops,
          nicolae_shop_temple_entry_statues_fountains,
          hangedman_abyss_or_decor_passed, moated_statue, kennysheep_nondescript
D:5:      serial_curves, eino_curves_02, eino_curves_02, uniq_duvessa,
          uniq_edmund
D:6:      minitemple, old_standard_altar, uniq_blork_the_orc
D:7:      gammafunk_temple_overflow_elements, the_bakery
D:8:      serial_shops, nicolae_shop_window_shopping, minivault_5, uniq_pikel,
          uniq_psyche
D:9:      david_lair_shrubbed, serial_bayou, serial_bayou_crossing,
          serial_bayou_pond_c, serial_bayou_pond_c, serial_bayou_pond_d,
          minivault_23, kennysheep_generic_room_2
Temple:   circular_temple_6

Action                   |  1- 3 |  4- 6 |  7- 9 | 10-12 || total
-------------------------+-------+-------+-------+-------++-------
Melee: Unarmed           |   120 |   102 |   228 |    42 ||   492
       Quarterstaff      |       |       |    95 |       ||    95
Throw: Large rock        |       |    11 |     5 |       ||    16
Invok: Lesser Healing    |       |       |       |     2 ||     2
 Abil: Evoke Berserk Rag |       |       |     2 |       ||     2
Evoke: Wand              |       |       |     2 |       ||     2
  Use: Potion            |       |     1 |     4 |       ||     5
       Scroll            |       |       |     8 |     4 ||    12
 Stab: Sleeping          |     2 |       |       |       ||     2
  Eat: Chunk             |    13 |    14 |    45 |     3 ||    75
